 Dungeon Crawl Stone Soup version 0.17.0-24-gcfadda4 (console) character file.

15 gw the Skirmisher (level 2, -7/27 HPs)
             Began as a Hill Orc Abyssal Knight on Nov 15, 2015.
             Was a Follower of Lugonu.
             Mangled by a gnoll
             ... wielding a +0 halberd
              (10 damage)
             ... on level 1 of the Dungeon.
             The game lasted 00:00:22 (292 turns).

gw the Skirmisher (Hill Orc Abyssal Knight)          Turns: 292, Time: 00:00:22

Health: -7/27      AC:  3    Str: 14    XL:     2   Next: 50%
Magic:  4/4        EV: 11    Int: 12    God:    Lugonu [*.....]
Gold:   23         SH:  0    Dex: 10    Spells: 0 memorised, 1 level left

rFire  . . .     SeeInvis .     a - +1 hand axe
rCold  . . .     Clarity  .     b - +0 leather armour
rNeg   . . .     SustAt   .     (no shield)
rPois  .         Gourm    .     (no helmet)
rElec  .         Spirit   .     (no cloak)
rCorr  .         Warding  .     (no gloves)
rMut   .         Stasis   .     (no boots)
MR     .....                    (no amulet)
Stlth  +.........               (no ring)
                                f - +3 ring of slaying

@: not resistant to hostile enchantments, very unstealthy
A: no striking features
a: Depart the Abyss, Renounce Religion


You were on level 1 of the Dungeon.
You worshipped Lugonu.
Lugonu was aware of your devotion.
You were not hungry.

You visited 1 branch of the dungeon, and saw 1 of its levels.
You visited the Abyss 1 time.

You collected 23 gold pieces.

Inventory:

Hand Weapons
 a - a +1 hand axe (weapon)
Armour
 b - a +0 leather armour (worn)
Jewellery
 f - a +3 ring of slaying (left hand)
Scrolls
 d - a scroll of remove curse {unknown}
 e - a scroll of blinking {unknown}
Potions
 g - a potion of haste {unknown}
Comestibles
 c - 2 bread rations


   Skills:
 + Level 3.8 Fighting
 * Level 3.1 Axes
 + Level 0.1 Throwing
 + Level 2.5 Armour
 - Level 0.7 Dodging
 + Level 2.8 Invocations


You had one spell level left.
You didn't know any spells.

Dungeon Overview and Level Annotations

Branches:
Dungeon (1/15)

Altars:


Message History

A gnoll comes into view. It is wielding a halberd.
The gnoll shouts!
The gnoll moves out of view.
Quiver which item? (- for none, * to show all) (? for menu, Esc to quit)
Reset throwing quiver to default.
The gnoll is too close now for your liking.
ATTACK MOVE TO (0,-1)
The gnoll barely misses you.
ATTACK MOVE TO (0,-1)
You barely miss the gnoll. The gnoll hits you with a halberd!!
Ouch! That really hurt!
ATTACK MOVE TO (0,-1)
You hit the gnoll.
The gnoll is moderately wounded.
The gnoll hits you with a halberd!
ATTACK MOVE TO (0,-1)
You hit the gnoll.
The gnoll is almost dead.
The gnoll hits you with a halberd!
You die...

###############
#.............#####
..#######.........
#g# #.......## #o##
#.....#... #..###
##...##### ##...#
####..... .
###.########.####
....###..........# #
........#..####### #
....######....#######
.. ####........
##.####


You could see a gnoll.

Table legend:
 A = Turns spent in this place as a percentage of turns spent in the entire game.
 B = Non-inter-level travel turns spent in this place as a percentage of non-inter-level travel turns spent in the entire game.
 C = Inter-level travel turns spent in this place as a percentage of turns spent in this place.
 D = Turns resting spent in this place as a percentage of non-inter-level travel turns spent in this place.
 E = Turns spent auto-exploring this place as a percentage of non-inter-level travel turns spent in this place.
 F = Non-inter-level travel turns spent in this place divided by the number of levels of this place that you've seen.
                   A       B       C       D       E      F
               +-------+-------+-------+-------+-------+----------------------
         Total | 100.0 | 100.0 |   0.0 |   1.4 |   2.6 | 363.5
       Dungeon |  93.8 |  93.8 |   0.0 |   1.5 |   2.6 | 682.0
         Abyss |   6.2 |   6.2 |   0.0 |   0.0 |   2.2 |  45.0
               +-------+-------+-------+-------+-------+----------------------

Table legend:
 A = Kills in this place as a percentage of kills in entire the game.
 B = Kills by you in this place as a percentage of kills by you in the entire game.
 C = Kills by friends in this place as a percentage of kills by friends in the entire game.
 D = Other kills in this place as a percentage of other kills in the entire game.
 E = Experience gained in this place as a percentage of experience gained in the entire game.
 F = Experience gained in this place divided by the number of levels of this place that you have seen.
                   A       B       C       D       E      F
               +-------+-------+-------+-------+-------+----------------------
         Total | 100.0 | 100.0 |  -nan |  -nan | 100.0 |  11.0
       Dungeon | 100.0 | 100.0 |  -nan |  -nan | 100.0 |  22.0
               +-------+-------+-------+-------+-------+----------------------

Vanquished Creatures
  A giant gecko (D:1)
  2 bats (D:1)
  A giant cockroach (D:1)
  A goblin (D:1)
  2 hobgoblins (D:1)
  A ball python (D:1)
  2 giant newts (D:1)
  A kobold (D:1)
  4 rats (D:1)
15 creatures vanquished.

Notes
Turn   | Place    | Note
--------------------------------------------------------------
     0 | Abyss:1  | gw the Hill Orc Abyssal Knight began the quest for the Orb.
     0 | Abyss:1  | Reached XP level 1. HP: 19/19 MP: 2/2
     7 | Abyss:1  | Found an ancient bone altar of Kikubaaqudgha.
     9 | D:1      | Escaped the Abyss
   168 | D:1      | Reached XP level 2. HP: 25/27 MP: 3/3
   292 | D:1      | Mangled by a gnoll

Action                   || total
-------------------------++-------
Melee: Hand axe          ||    37

Vault maps used:
D:1:      lemuel_arrival_room, minivault_27
